Connexion

Wolves vs Checkers

Created - 29 août 2023 at 05:48

Goals
1 2 3 T
Wolves 2 1 2 5
Checkers 1 0 2 3
Shots
1 2 3 T
Wolves 16 15 16 47
Checkers 5 14 17 36

GoalsPenalties
1st period
1. Wolves , Brett Seney 5 (Matt Tennyson 7) at 18:13
2. Checkers , Andy Andreoff 6 (Riley Barber 8, Demetrios Koumontzis 2) at 19:21
3. Wolves , Gregory Hofmann 4 (Jayce Hawryluk 1) at 19:42
Miles Wood (CHA) for Tripping (Minor) at 9:42
2nd period
4. Wolves , Scott Kosmachuk 2 (Louie Belpedio 5, Tommy Cross 4) at 10:03
Troy Stecher (CHA) for Cross-checking (Minor) at 6:00
3rd period
5. Wolves , Brett Seney 6 (Ryan Stanton 1, Garrett Mitchell 8) at 10:02 (PP)
6. Checkers , Andy Andreoff 7 (Riley Barber 9, Miles Wood 8) at 12:24
7. Checkers , Brett Sutter 1 (Vinni Lettieri 4, Joshua Ho-Sang 5) at 15:51
8. Wolves , Mitchell Vande Sompel 1 (Jayce Hawryluk 2, Jack Rodewald 2) at 19:44 (Empty Net)
Max Crozier (CHA) for Hooking (Minor) at 3:15
Brett Sutter (CHA) for Roughing (Minor) at 7:39
Reese Johnson (CHA) for Tripping (Minor) at 9:44
Jayce Hawryluk (CHI) for Hooking (Minor) at 15:56
Goalie Stats
Felix Sandström (CHI), 33 saves from 36 shots - (0,917), W, 4-4-0, 60:00 minutes
Jake Kielly (CHA), 42 saves from 46 shots - (0,913), L, 5-6-0, 59:42 minutes
3 StarsOfficial
1 - Andy Andreoff (CHA)
2 - Brett Seney (CHI)
3 - Gregory Hofmann (CHI)
Referees : Mike Hasenfratz and Don Koharski
Linesman : Ryan Galloway and Darren Gibbs
Game Note
Mitchell Vande Sompel has scored in a empty net!
Finance
Level 1 -- Attendance: 1305 (65,25%) -- Ticket Income 58 725 $
Level 2 -- Attendance: 659 (65,90%) -- Ticket Income 16 475 $
Total Attendance: 1964 (65,47%)
Total Ticket Income: 75 200 $
Other Income: 15 040 $
Total Income: 90 240 $



Team Name Goals Shots Shots Attemp Shots Blocked PIM HIT PP PK FO%
Wolves 54780122291 / 5 (20%)053%
Checkers 33685910190 / 1 (0%)147%

Wolves
Player Name POS G A P +/- PIM HIT SHT SB MP PP MP PP SHT PK MP PK SHT FO% FOT
Adam HelewkaLW000000004:350:0000:0000% 0
Artur GavrusC/LW000001024:350:0000:00060% 5
Brett SeneyLW2020024020:243:4510:00050% 2
David CottonC000000002:150:2500:57050% 2
Garrett MitchellRW0110032120:243:4500:00050% 2
Gregory HofmannC/LW1011014021:044:2911:0700% 0
Jack RodewaldRW0111013020:123:5100:00033% 3
Jamie DevaneLW0000024014:070:0001:0200% 2
Jayce HawrylukC/RW0221236023:134:0400:00036% 33
Louie BelpedioD0111000213:300:0000:0000% 0
Mark JankowskiC0000015013:430:3800:00076% 17
Matt TennysonD0111012321:193:5410:4800% 0
Mitchell Vande SompelD101-1002124:034:0501:1100% 0
Radim SimekD000-1081124:333:4211:1100% 0
Ryan StantonD0111022121:454:2010:4800% 0
Scott KosmachukRW1010003013:050:0000:0000% 1
Tanner KeroC/LW0000027021:163:4510:52066% 29
Tommy CrossD0111022113:570:2710:0000% 0
Checkers
Player Name POS G A P +/- PIM HIT SHT SB MP PP MP PP SHT PK MP PK SHT FO% FOT
Aarne TalvitieC000000005:190:0002:14025% 4
Aidan HreschukD000-1010015:080:0001:3500% 0
Andy AndreoffC/LW2022055019:050:5011:00044% 25
Brett SutterC/LW101-2214020:551:0904:300100% 4
Demetrios KoumontzisD0112010121:130:5002:5800% 0
Dylan PetersonC000000000:000:0000:0000% 0
Ethan EdwardsD000-1031314:400:0001:0300% 0
Jackson BlakeRW000-1003014:100:0000:0000% 3
Joshua Ho-SangRW011-2013018:111:0901:45075% 4
Ludwig PerssonLW000-1002014:100:0000:0000% 0
Max CrozierD000-2230123:401:0904:0100% 0
Michael VukojevicD0002020021:050:5002:5000% 0
Miles WoodLW0112204118:450:5000:410100% 1
Petrus PalmuRW000000003:050:0000:0000% 1
Reese JohnsonC000-1202014:270:0000:18040% 20
Riley BarberRW0222007019:500:5001:450100% 1
Troy StecherD000-2222223:541:0903:4300% 0
Vinni LettieriC011-2003124:041:0904:33048% 33



Play-by-Play

1st period


0:01 of 1st period - Vinni Lettieri wins face-off versus Jayce Hawryluk in neutral zone.
0:20 of 1st period - Shot by Joshua Ho-Sang.
0:20 of 1st period - Stopped by Felix Sandström without a rebound.
0:21 of 1st period - Andy Andreoff wins face-off versus Garrett Mitchell in Wolves zone.
1:03 of 1st period - Ryan Stanton is hit by Michael Vukojevic and loses puck.
1:31 of 1st period - Off-side.
1:32 of 1st period - Jayce Hawryluk wins face-off versus Joshua Ho-Sang in neutral zone.
1:50 of 1st period - Icing by Radim Simek.
1:51 of 1st period - Jayce Hawryluk wins face-off versus Reese Johnson in Wolves zone.
2:00 of 1st period - Shot by Jack Rodewald.
2:00 of 1st period - Stopped by Jake Kielly with a rebound.
2:15 of 1st period - Icing by Aidan Hreschuk.
2:16 of 1st period - Reese Johnson wins face-off versus Mark Jankowski in Checkers zone.
2:37 of 1st period - Shot by Mark Jankowski.
2:37 of 1st period - Shot Hit the Post.
2:39 of 1st period - Shot by Mark Jankowski.
2:39 of 1st period - Shot Blocked by Ethan Edwards.
2:43 of 1st period - Shot by Mark Jankowski.
2:43 of 1st period - Deflect By Jamie Devane.
2:43 of 1st period - Stopped by Jake Kielly without a rebound.
2:44 of 1st period - Tanner Kero wins face-off versus Vinni Lettieri in Checkers zone.
2:45 of 1st period - Shot by Brett Seney.
2:45 of 1st period - Shot Misses the Net.
2:48 of 1st period - Icing by Troy Stecher.
2:49 of 1st period - Artur Gavrus wins face-off versus Vinni Lettieri in Checkers zone.
2:55 of 1st period - Brett Sutter is hit by Radim Simek and loses puck.
3:15 of 1st period - Joshua Ho-Sang is hit by Radim Simek and loses puck.
4:01 of 1st period - Shot by Michael Vukojevic.
4:01 of 1st period - Shot Misses the Net.
4:03 of 1st period - Shot by Andy Andreoff.
4:03 of 1st period - Shot Misses the Net.
4:05 of 1st period - Shot by Riley Barber.
4:05 of 1st period - Shot Misses the Net.
4:42 of 1st period - Reese Johnson is hit by Matt Tennyson and loses puck.
4:45 of 1st period - Shot by Jackson Blake.
4:45 of 1st period - Shot Blocked by Matt Tennyson.
4:47 of 1st period - Shot by Aidan Hreschuk.
4:47 of 1st period - Shot Blocked by Matt Tennyson.
4:49 of 1st period - Shot by Reese Johnson.
4:49 of 1st period - Shot Misses the Net.
4:51 of 1st period - Shot by Reese Johnson.
4:51 of 1st period - Shot Misses the Net.
5:33 of 1st period - Shot by Aarne Talvitie.
5:33 of 1st period - Shot Misses the Net.
6:34 of 1st period - Miles Wood is hit by Radim Simek and loses puck.
7:04 of 1st period - Icing by Mitchell Vande Sompel.
7:05 of 1st period - Reese Johnson wins face-off versus Jayce Hawryluk in Wolves zone.
7:05 of 1st period - Jackson Blake is hit by Radim Simek and loses puck.
7:10 of 1st period - Shot by Reese Johnson.
7:10 of 1st period - Shot Misses the Net.
7:12 of 1st period - Shot by Reese Johnson.
7:12 of 1st period - Shot Misses the Net.
7:14 of 1st period - Shot by Reese Johnson.
7:14 of 1st period - Shot Misses the Net.
7:16 of 1st period - Shot by Jackson Blake.
7:16 of 1st period - Stopped by Felix Sandström with a rebound.
7:18 of 1st period - Shot by Aidan Hreschuk.
7:18 of 1st period - Shot Misses the Net.
8:29 of 1st period - Shot by Miles Wood.
8:29 of 1st period - Shot Misses the Net.
8:31 of 1st period - Shot by Miles Wood.
8:31 of 1st period - Shot Misses the Net.
8:33 of 1st period - Shot by Demetrios Koumontzis.
8:33 of 1st period - Shot Misses the Net.
8:35 of 1st period - Shot by Andy Andreoff.
8:35 of 1st period - Shot Misses the Net.
8:37 of 1st period - Shot by Miles Wood.
8:37 of 1st period - Deflect By Andy Andreoff.
8:37 of 1st period - Stopped by Felix Sandström without a rebound.
8:38 of 1st period - Vinni Lettieri wins face-off versus Artur Gavrus in Wolves zone.
8:52 of 1st period - Shot by Petrus Palmu.
8:52 of 1st period - Shot Hit the Post.
8:54 of 1st period - Shot by Vinni Lettieri.
8:54 of 1st period - Shot Misses the Net.
9:23 of 1st period - Artur Gavrus is hit by Andy Andreoff and loses puck.
9:42 of 1st period - Minor Penalty to Miles Wood for Tripping.
9:43 of 1st period - Tanner Kero wins face-off versus Aarne Talvitie in Checkers zone.
9:48 of 1st period - Shot by Brett Seney.
9:48 of 1st period - Shot Blocked by Max Crozier.
10:00 of 1st period - Shot by Matt Tennyson.
10:00 of 1st period - Stopped by Jake Kielly without a rebound.
10:01 of 1st period - Vinni Lettieri wins face-off versus Jayce Hawryluk in Checkers zone.
10:13 of 1st period - Icing by Gregory Hofmann.
10:14 of 1st period - Mark Jankowski wins face-off versus Vinni Lettieri in Wolves zone.
10:49 of 1st period - Shot by Tanner Kero.
10:49 of 1st period - Stopped by Jake Kielly without a rebound.
10:50 of 1st period - Joshua Ho-Sang wins face-off versus Tanner Kero in Checkers zone.
11:01 of 1st period - Shot by Tommy Cross.
11:01 of 1st period - Stopped by Jake Kielly without a rebound.
11:02 of 1st period - Joshua Ho-Sang wins face-off versus Jayce Hawryluk in Checkers zone.
11:50 of 1st period - Icing by Reese Johnson.
11:51 of 1st period - Mark Jankowski wins face-off versus Reese Johnson in Checkers zone.
11:54 of 1st period - Shot by Jamie Devane.
11:54 of 1st period - Stopped by Jake Kielly with a rebound.
12:08 of 1st period - Shot by Scott Kosmachuk.
12:08 of 1st period - Shot Blocked by Ethan Edwards.
12:10 of 1st period - Shot by Jamie Devane.
12:10 of 1st period - Shot Misses the Net.
12:20 of 1st period - Shot by Scott Kosmachuk.
12:20 of 1st period - Deflect By Jamie Devane.
12:20 of 1st period - Shot Misses the Net.
12:22 of 1st period - Shot by Mark Jankowski.
12:22 of 1st period - Stopped by Jake Kielly without a rebound.
12:23 of 1st period - Tanner Kero wins face-off versus Andy Andreoff in Checkers zone.
12:48 of 1st period - Shot by Tanner Kero.
12:48 of 1st period - Stopped by Jake Kielly without a rebound.
12:49 of 1st period - Jayce Hawryluk wins face-off versus Vinni Lettieri in Checkers zone.
12:52 of 1st period - Shot by Gregory Hofmann.
12:52 of 1st period - Shot Misses the Net.
13:40 of 1st period - Off-side.
13:41 of 1st period - Tanner Kero wins face-off versus Andy Andreoff in neutral zone.
14:20 of 1st period - Shot by Tanner Kero.
14:20 of 1st period - Stopped by Jake Kielly without a rebound.
14:21 of 1st period - Mark Jankowski wins face-off versus Reese Johnson in Checkers zone.
14:25 of 1st period - Scott Kosmachuk is hit by Ethan Edwards and loses puck.
14:32 of 1st period - Shot by Scott Kosmachuk.
14:32 of 1st period - Shot Misses the Net.
14:51 of 1st period - Off-side.
14:52 of 1st period - Brett Sutter wins face-off versus Jayce Hawryluk in neutral zone.
15:27 of 1st period - Shot by Jayce Hawryluk.
15:27 of 1st period - Shot Hit the Post.
15:29 of 1st period - Shot by Jack Rodewald.
15:29 of 1st period - Deflect By Gregory Hofmann.
15:29 of 1st period - Shot Blocked by Troy Stecher.
16:07 of 1st period - Shot by Riley Barber.
16:07 of 1st period - Stopped by Felix Sandström without a rebound.
16:08 of 1st period - Mark Jankowski wins face-off versus Reese Johnson in Wolves zone.
16:13 of 1st period - Jackson Blake is hit by Mark Jankowski and loses puck.
16:28 of 1st period - Shot by Reese Johnson.
16:28 of 1st period - Deflect By Jackson Blake.
16:28 of 1st period - Shot Blocked by Louie Belpedio.
16:30 of 1st period - Shot by Reese Johnson.
16:30 of 1st period - Shot Misses the Net.
16:32 of 1st period - Shot by Reese Johnson.
16:32 of 1st period - Shot Misses the Net.
16:55 of 1st period - Mark Jankowski is hit by Andy Andreoff and loses puck.
17:33 of 1st period - Shot by Jayce Hawryluk.
17:33 of 1st period - Stopped by Jake Kielly without a rebound.
17:34 of 1st period - Garrett Mitchell wins face-off versus Petrus Palmu in Checkers zone.
17:37 of 1st period - Shot by Tanner Kero.
17:37 of 1st period - Shot Blocked by Troy Stecher.
17:39 of 1st period - Shot by Tanner Kero.
17:39 of 1st period - Stopped by Jake Kielly with a rebound.
17:41 of 1st period - Shot by Ryan Stanton.
17:41 of 1st period - Stopped by Jake Kielly with a rebound.
17:43 of 1st period - Shot by Garrett Mitchell.
17:43 of 1st period - Deflect By Brett Seney.
17:43 of 1st period - Stopped by Jake Kielly without a rebound.
17:44 of 1st period - Joshua Ho-Sang wins face-off versus Brett Seney in Checkers zone.
17:44 of 1st period - Joshua Ho-Sang is hit by Brett Seney.
18:13 of 1st period - Shot by Brett Seney.
18:13 of 1st period - Goal by Brett Seney - Wolves : 1 - Checkers : 0.
18:14 of 1st period - Jayce Hawryluk wins face-off versus Jackson Blake in neutral zone.
18:20 of 1st period - Icing by Ethan Edwards.
18:21 of 1st period - Reese Johnson wins face-off versus Jayce Hawryluk in Checkers zone.
18:21 of 1st period - Reese Johnson is hit by Jack Rodewald.
18:44 of 1st period - Shot by Gregory Hofmann.
18:44 of 1st period - Stopped by Jake Kielly without a rebound.
18:45 of 1st period - Tanner Kero wins face-off versus Vinni Lettieri in Checkers zone.
18:57 of 1st period - Off-side.
18:58 of 1st period - Mark Jankowski wins face-off versus Andy Andreoff in neutral zone.
19:21 of 1st period - Shot by Andy Andreoff.
19:21 of 1st period - Goal by Andy Andreoff - Wolves : 1 - Checkers : 1.
19:22 of 1st period - Brett Sutter wins face-off versus Jack Rodewald in neutral zone.
19:33 of 1st period - Jayce Hawryluk is hit by Joshua Ho-Sang and loses puck.
19:42 of 1st period - Shot by Gregory Hofmann.
19:42 of 1st period - Goal by Gregory Hofmann - Wolves : 2 - Checkers : 1.
19:43 of 1st period - Tanner Kero wins face-off versus Andy Andreoff in neutral zone.
Goals for this period are 2 for Wolves vs 1 for Checkers.
Shots for this period are 16 for Wolves vs 5 for Checkers.

2nd period


0:01 of 2nd period - Vinni Lettieri wins face-off versus Jayce Hawryluk in neutral zone.
0:25 of 2nd period - Shot by Vinni Lettieri.
0:25 of 2nd period - Shot Blocked by Radim Simek.
0:27 of 2nd period - Shot by Vinni Lettieri.
0:27 of 2nd period - Shot Misses the Net.
0:31 of 2nd period - Shot by Brett Sutter.
0:31 of 2nd period - Deflect By Joshua Ho-Sang.
0:31 of 2nd period - Shot Misses the Net.
0:37 of 2nd period - Shot by Vinni Lettieri.
0:37 of 2nd period - Stopped by Felix Sandström without a rebound.
0:38 of 2nd period - Andy Andreoff wins face-off versus Tanner Kero in Wolves zone.
0:38 of 2nd period - Miles Wood is hit by Ryan Stanton.
0:56 of 2nd period - Shot by Riley Barber.
0:56 of 2nd period - Shot Blocked by Garrett Mitchell.
2:28 of 2nd period - Shot by Jack Rodewald.
2:28 of 2nd period - Shot Misses the Net.
2:34 of 2nd period - Shot by Joshua Ho-Sang.
2:34 of 2nd period - Shot Misses the Net.
2:36 of 2nd period - Shot by Brett Sutter.
2:36 of 2nd period - Stopped by Felix Sandström with a rebound.
2:38 of 2nd period - Shot by Brett Sutter.
2:38 of 2nd period - Stopped by Felix Sandström with a rebound.
2:40 of 2nd period - Shot by Joshua Ho-Sang.
2:40 of 2nd period - Stopped by Felix Sandström without a rebound.
2:41 of 2nd period - Tanner Kero wins face-off versus Aarne Talvitie in Wolves zone.
2:45 of 2nd period - Off-side.
2:46 of 2nd period - Brett Seney wins face-off versus Aarne Talvitie in neutral zone.
2:49 of 2nd period - Petrus Palmu is hit by Brett Seney and loses puck.
3:18 of 2nd period - Shot by Tanner Kero.
3:18 of 2nd period - Stopped by Jake Kielly without a rebound.
3:19 of 2nd period - Jack Rodewald wins face-off versus Andy Andreoff in Checkers zone.
3:41 of 2nd period - Shot by Jack Rodewald.
3:41 of 2nd period - Deflect By Jayce Hawryluk.
3:41 of 2nd period - Shot Misses the Net.
3:43 of 2nd period - Shot by Jack Rodewald.
3:43 of 2nd period - Deflect By Gregory Hofmann.
3:43 of 2nd period - Shot Blocked by Demetrios Koumontzis.
3:45 of 2nd period - Shot by Jayce Hawryluk.
3:45 of 2nd period - Stopped by Jake Kielly with a rebound.
4:08 of 2nd period - Andy Andreoff is hit by Jamie Devane and loses puck.
5:10 of 2nd period - Shot by Tanner Kero.
5:10 of 2nd period - Shot Misses the Net.
5:12 of 2nd period - Shot by Tanner Kero.
5:12 of 2nd period - Shot Misses the Net.
5:14 of 2nd period - Shot by Matt Tennyson.
5:14 of 2nd period - Stopped by Jake Kielly without a rebound.
5:15 of 2nd period - Reese Johnson wins face-off versus Artur Gavrus in Checkers zone.
5:15 of 2nd period - Reese Johnson is hit by Artur Gavrus.
5:25 of 2nd period - Shot by Reese Johnson.
5:25 of 2nd period - Shot Blocked by Artur Gavrus.
5:27 of 2nd period - Shot by Jackson Blake.
5:27 of 2nd period - Shot Blocked by Artur Gavrus.
5:45 of 2nd period - Shot by Ludwig Persson.
5:45 of 2nd period - Stopped by Felix Sandström without a rebound.
5:46 of 2nd period - Vinni Lettieri wins face-off versus Tanner Kero in Wolves zone.
5:48 of 2nd period - Joshua Ho-Sang is hit by Ryan Stanton and loses puck.
6:00 of 2nd period - Minor Penalty to Troy Stecher for Cross-checking.
6:01 of 2nd period - Vinni Lettieri wins face-off versus Jayce Hawryluk in Checkers zone.
6:18 of 2nd period - Brett Sutter is hit by Jayce Hawryluk and loses puck.
7:12 of 2nd period - Icing by Tanner Kero.
7:13 of 2nd period - Tanner Kero wins face-off versus Vinni Lettieri in Wolves zone.
7:32 of 2nd period - Demetrios Koumontzis is hit by Tanner Kero and loses puck.
8:01 of 2nd period - Shot by Scott Kosmachuk.
8:01 of 2nd period - Shot Misses the Net.
8:13 of 2nd period - Shot by Jamie Devane.
8:13 of 2nd period - Stopped by Jake Kielly without a rebound.
8:14 of 2nd period - Reese Johnson wins face-off versus Mark Jankowski in Checkers zone.
8:29 of 2nd period - Shot by Jamie Devane.
8:29 of 2nd period - Shot Misses the Net.
8:31 of 2nd period - Shot by Mark Jankowski.
8:31 of 2nd period - Stopped by Jake Kielly without a rebound.
8:32 of 2nd period - Andy Andreoff wins face-off versus Jayce Hawryluk in Checkers zone.
8:55 of 2nd period - Shot by Miles Wood.
8:55 of 2nd period - Stopped by Felix Sandström without a rebound.
8:56 of 2nd period - Brett Sutter wins face-off versus Tanner Kero in Wolves zone.
8:56 of 2nd period - Joshua Ho-Sang is hit by Radim Simek and loses puck.
9:21 of 2nd period - Shot by Garrett Mitchell.
9:21 of 2nd period - Shot Misses the Net.
9:23 of 2nd period - Shot by Brett Seney.
9:23 of 2nd period - Shot Misses the Net.
9:25 of 2nd period - Shot by Brett Seney.
9:25 of 2nd period - Shot Misses the Net.
9:27 of 2nd period - Shot by Mitchell Vande Sompel.
9:27 of 2nd period - Shot Misses the Net.
9:29 of 2nd period - Shot by Tanner Kero.
9:29 of 2nd period - Stopped by Jake Kielly with a rebound.
9:31 of 2nd period - Shot by Mitchell Vande Sompel.
9:31 of 2nd period - Stopped by Jake Kielly with a rebound.
10:03 of 2nd period - Shot by Scott Kosmachuk.
10:03 of 2nd period - Goal by Scott Kosmachuk - Wolves : 3 - Checkers : 1.
10:04 of 2nd period - Jayce Hawryluk wins face-off versus Andy Andreoff in neutral zone.
10:31 of 2nd period - Shot by Andy Andreoff.
10:31 of 2nd period - Shot Misses the Net.
10:40 of 2nd period - Shot by Gregory Hofmann.
10:40 of 2nd period - Stopped by Jake Kielly without a rebound.
10:41 of 2nd period - Mark Jankowski wins face-off versus Jackson Blake in Checkers zone.
11:01 of 2nd period - Shot by Jamie Devane.
11:01 of 2nd period - Shot Blocked by Ethan Edwards.
11:03 of 2nd period - Shot by Mark Jankowski.
11:03 of 2nd period - Stopped by Jake Kielly without a rebound.
11:04 of 2nd period - Tanner Kero wins face-off versus Vinni Lettieri in Checkers zone.
11:23 of 2nd period - Shot by Vinni Lettieri.
11:23 of 2nd period - Shot Misses the Net.
11:26 of 2nd period - Icing by Radim Simek.
11:27 of 2nd period - Andy Andreoff wins face-off versus Tanner Kero in Wolves zone.
12:07 of 2nd period - Michael Vukojevic is hit by Jayce Hawryluk and loses puck.
12:13 of 2nd period - Jack Rodewald is hit by Michael Vukojevic and loses puck.
12:20 of 2nd period - Shot by Jack Rodewald.
12:20 of 2nd period - Shot Blocked by Miles Wood.
13:28 of 2nd period - Shot by Mark Jankowski.
13:28 of 2nd period - Stopped by Jake Kielly without a rebound.
13:29 of 2nd period - Tanner Kero wins face-off versus Reese Johnson in Checkers zone.
13:38 of 2nd period - Shot by Tanner Kero.
13:38 of 2nd period - Stopped by Jake Kielly with a rebound.
14:37 of 2nd period - Mark Jankowski is hit by Troy Stecher and loses puck.
14:53 of 2nd period - Icing by Tommy Cross.
14:54 of 2nd period - Andy Andreoff wins face-off versus Jamie Devane in Wolves zone.
14:57 of 2nd period - Shot by Riley Barber.
14:57 of 2nd period - Stopped by Felix Sandström without a rebound.
14:58 of 2nd period - Artur Gavrus wins face-off versus Andy Andreoff in Wolves zone.
14:58 of 2nd period - Artur Gavrus is hit by Andy Andreoff.
15:12 of 2nd period - Shot by Andy Andreoff.
15:12 of 2nd period - Shot Misses the Net.
15:18 of 2nd period - Shot by Miles Wood.
15:18 of 2nd period - Stopped by Felix Sandström without a rebound.
15:19 of 2nd period - Mark Jankowski wins face-off versus Reese Johnson in Wolves zone.
15:43 of 2nd period - Icing by Ludwig Persson.
15:44 of 2nd period - Tanner Kero wins face-off versus Reese Johnson in Checkers zone.
16:11 of 2nd period - Shot by Brett Seney.
16:11 of 2nd period - Stopped by Jake Kielly with a rebound.
16:13 of 2nd period - Shot by Garrett Mitchell.
16:13 of 2nd period - Stopped by Jake Kielly without a rebound.
16:14 of 2nd period - Jayce Hawryluk wins face-off versus Vinni Lettieri in Checkers zone.
16:14 of 2nd period - Jayce Hawryluk is hit by Troy Stecher.
16:17 of 2nd period - Jack Rodewald is hit by Max Crozier and loses puck.
16:34 of 2nd period - Shot by Vinni Lettieri.
16:34 of 2nd period - Stopped by Felix Sandström without a rebound.
16:35 of 2nd period - Andy Andreoff wins face-off versus Mark Jankowski in Wolves zone.
16:59 of 2nd period - Shot by Riley Barber.
16:59 of 2nd period - Shot Misses the Net.
17:01 of 2nd period - Shot by Miles Wood.
17:01 of 2nd period - Shot Misses the Net.
17:03 of 2nd period - Shot by Miles Wood.
17:03 of 2nd period - Stopped by Felix Sandström with a rebound.
17:05 of 2nd period - Shot by Andy Andreoff.
17:05 of 2nd period - Shot Misses the Net.
17:07 of 2nd period - Shot by Ethan Edwards.
17:07 of 2nd period - Stopped by Felix Sandström with a rebound.
17:09 of 2nd period - Shot by Aidan Hreschuk.
17:09 of 2nd period - Shot Blocked by Louie Belpedio.
17:11 of 2nd period - Shot by Riley Barber.
17:11 of 2nd period - Stopped by Felix Sandström without a rebound.
17:12 of 2nd period - Vinni Lettieri wins face-off versus Jayce Hawryluk in Wolves zone.
17:43 of 2nd period - Shot by Gregory Hofmann.
17:43 of 2nd period - Shot Misses the Net.
17:45 of 2nd period - Shot by Gregory Hofmann.
17:45 of 2nd period - Shot Hit the Post.
17:47 of 2nd period - Shot by Jack Rodewald.
17:47 of 2nd period - Stopped by Jake Kielly without a rebound.
17:48 of 2nd period - Tanner Kero wins face-off versus Reese Johnson in Checkers zone.
17:48 of 2nd period - Tanner Kero is hit by Demetrios Koumontzis.
18:02 of 2nd period - Shot by Reese Johnson.
18:02 of 2nd period - Stopped by Felix Sandström without a rebound.
18:03 of 2nd period - Mark Jankowski wins face-off versus Andy Andreoff in Wolves zone.
18:20 of 2nd period - Shot by Riley Barber.
18:20 of 2nd period - Stopped by Felix Sandström without a rebound.
18:21 of 2nd period - Vinni Lettieri wins face-off versus Jayce Hawryluk in Wolves zone.
18:51 of 2nd period - Off-side.
18:52 of 2nd period - Andy Andreoff wins face-off versus Tanner Kero in neutral zone.
Goals for this period are 1 for Wolves vs 0 for Checkers.
Shots for this period are 15 for Wolves vs 14 for Checkers.

3rd period


0:01 of 3rd period - Vinni Lettieri wins face-off versus Jayce Hawryluk in neutral zone.
0:26 of 3rd period - Shot by Gregory Hofmann.
0:26 of 3rd period - Shot Misses the Net.
0:34 of 3rd period - Shot by Jack Rodewald.
0:34 of 3rd period - Stopped by Jake Kielly without a rebound.
0:35 of 3rd period - Andy Andreoff wins face-off versus Tanner Kero in Checkers zone.
0:39 of 3rd period - Demetrios Koumontzis is hit by Garrett Mitchell.
0:54 of 3rd period - Shot by Riley Barber.
0:54 of 3rd period - Stopped by Felix Sandström without a rebound.
0:55 of 3rd period - Mark Jankowski wins face-off versus Reese Johnson in Wolves zone.
1:11 of 3rd period - Jamie Devane is hit by Ethan Edwards and loses puck.
1:20 of 3rd period - Shot by Jamie Devane.
1:20 of 3rd period - Stopped by Jake Kielly without a rebound.
1:21 of 3rd period - Vinni Lettieri wins face-off versus Jayce Hawryluk in Checkers zone.
2:31 of 3rd period - Shot by Garrett Mitchell.
2:31 of 3rd period - Shot Misses the Net.
2:36 of 3rd period - Off-side.
2:37 of 3rd period - Mark Jankowski wins face-off versus Jackson Blake in neutral zone.
2:42 of 3rd period - Shot by Scott Kosmachuk.
2:42 of 3rd period - Stopped by Jake Kielly without a rebound.
2:43 of 3rd period - Mark Jankowski wins face-off versus Reese Johnson in Checkers zone.
2:43 of 3rd period - Jamie Devane is hit by Ethan Edwards and loses puck.
3:02 of 3rd period - Shot by Jackson Blake.
3:02 of 3rd period - Stopped by Felix Sandström without a rebound.
3:03 of 3rd period - Riley Barber wins face-off versus Jayce Hawryluk in Wolves zone.
3:04 of 3rd period - Shot by Troy Stecher.
3:04 of 3rd period - Shot Misses the Net.
3:06 of 3rd period - Shot by Troy Stecher.
3:06 of 3rd period - Stopped by Felix Sandström without a rebound.
3:07 of 3rd period - Brett Sutter wins face-off versus Jayce Hawryluk in Wolves zone.
3:15 of 3rd period - Minor Penalty to Max Crozier for Hooking.
3:16 of 3rd period - Jayce Hawryluk wins face-off versus Vinni Lettieri in Checkers zone.
3:18 of 3rd period - Jack Rodewald is hit by Aidan Hreschuk and loses puck.
4:30 of 3rd period - Icing by Tanner Kero.
4:31 of 3rd period - Tanner Kero wins face-off versus Vinni Lettieri in Wolves zone.
4:40 of 3rd period - Shot by Matt Tennyson.
4:40 of 3rd period - Shot Blocked by Vinni Lettieri.
4:52 of 3rd period - Demetrios Koumontzis is hit by Tanner Kero and loses puck.
5:18 of 3rd period - Shot by Gregory Hofmann.
5:18 of 3rd period - Shot Misses the Net.
5:39 of 3rd period - Reese Johnson is hit by Tommy Cross and loses puck.
6:05 of 3rd period - Reese Johnson is hit by Jayce Hawryluk and loses puck.
6:13 of 3rd period - Max Crozier is hit by Radim Simek and loses puck.
6:37 of 3rd period - Adam Helewka is hit by Andy Andreoff and loses puck.
6:42 of 3rd period - Shot by Riley Barber.
6:42 of 3rd period - Stopped by Felix Sandström with a rebound.
7:23 of 3rd period - Joshua Ho-Sang is hit by Garrett Mitchell and loses puck.
7:39 of 3rd period - Minor Penalty to Brett Sutter for Roughing.
7:40 of 3rd period - Vinni Lettieri wins face-off versus David Cotton in Checkers zone.
8:00 of 3rd period - Shot by Ryan Stanton.
8:00 of 3rd period - Stopped by Jake Kielly without a rebound.
8:01 of 3rd period - Aarne Talvitie wins face-off versus Tanner Kero in Checkers zone.
8:52 of 3rd period - Shot by Radim Simek.
8:52 of 3rd period - Stopped by Jake Kielly without a rebound.
8:53 of 3rd period - David Cotton wins face-off versus Vinni Lettieri in Checkers zone.
8:56 of 3rd period - Shot by Jack Rodewald.
8:56 of 3rd period - Deflect By Gregory Hofmann.
8:56 of 3rd period - Stopped by Jake Kielly without a rebound.
8:57 of 3rd period - Vinni Lettieri wins face-off versus Jayce Hawryluk in Checkers zone.
9:03 of 3rd period - Icing by Jack Rodewald.
9:04 of 3rd period - Vinni Lettieri wins face-off versus Jayce Hawryluk in Wolves zone.
9:29 of 3rd period - Michael Vukojevic is hit by Gregory Hofmann.
9:42 of 3rd period - Reese Johnson is hit by Tommy Cross and loses puck.
9:44 of 3rd period - Minor Penalty to Reese Johnson for Tripping.
9:45 of 3rd period - Vinni Lettieri wins face-off versus Tanner Kero in Checkers zone.
10:02 of 3rd period - Shot by Brett Seney.
10:02 of 3rd period - Goal by Brett Seney - Wolves : 4 - Checkers : 1.
10:03 of 3rd period - Mark Jankowski wins face-off versus Andy Andreoff in neutral zone.
10:03 of 3rd period - Scott Kosmachuk is hit by Andy Andreoff and loses puck.
10:14 of 3rd period - Icing by Tommy Cross.
10:15 of 3rd period - Reese Johnson wins face-off versus Scott Kosmachuk in Wolves zone.
10:40 of 3rd period - Shot by Michael Vukojevic.
10:40 of 3rd period - Shot Blocked by Tommy Cross.
10:54 of 3rd period - Jackson Blake is hit by Jamie Devane and loses puck.
11:02 of 3rd period - Icing by Michael Vukojevic.
11:03 of 3rd period - Jayce Hawryluk wins face-off versus Reese Johnson in Checkers zone.
11:06 of 3rd period - Shot by Jayce Hawryluk.
11:06 of 3rd period - Stopped by Jake Kielly without a rebound.
11:07 of 3rd period - Jayce Hawryluk wins face-off versus Vinni Lettieri in Checkers zone.
11:07 of 3rd period - Jayce Hawryluk is hit by Max Crozier.
11:27 of 3rd period - Shot by Gregory Hofmann.
11:27 of 3rd period - Deflect By Jayce Hawryluk.
11:27 of 3rd period - Stopped by Jake Kielly without a rebound.
11:28 of 3rd period - Tanner Kero wins face-off versus Andy Andreoff in Checkers zone.
11:35 of 3rd period - Shot by Andy Andreoff.
11:35 of 3rd period - Shot Blocked by Matt Tennyson.
11:37 of 3rd period - Shot by Ethan Edwards.
11:37 of 3rd period - Shot Misses the Net.
11:39 of 3rd period - Shot by Riley Barber.
11:39 of 3rd period - Stopped by Felix Sandström without a rebound.
11:40 of 3rd period - Vinni Lettieri wins face-off versus Jayce Hawryluk in Wolves zone.
11:57 of 3rd period - Shot by Jayce Hawryluk.
11:57 of 3rd period - Stopped by Jake Kielly without a rebound.
11:58 of 3rd period - Andy Andreoff wins face-off versus Tanner Kero in Checkers zone.
12:00 of 3rd period - Icing by Riley Barber.
12:01 of 3rd period - Jayce Hawryluk wins face-off versus Andy Andreoff in Checkers zone.
12:12 of 3rd period - Shot by Gregory Hofmann.
12:12 of 3rd period - Shot Misses the Net.
12:22 of 3rd period - Shot by Andy Andreoff.
12:22 of 3rd period - Shot Misses the Net.
12:24 of 3rd period - Shot by Andy Andreoff.
12:24 of 3rd period - Goal by Andy Andreoff - Wolves : 4 - Checkers : 2.
12:25 of 3rd period - Tanner Kero wins face-off versus Vinni Lettieri in neutral zone.
12:28 of 3rd period - Joshua Ho-Sang is hit by Garrett Mitchell and loses puck.
12:39 of 3rd period - Shot by Joshua Ho-Sang.
12:39 of 3rd period - Shot Misses the Net.
12:41 of 3rd period - Shot by Brett Sutter.
12:41 of 3rd period - Stopped by Felix Sandström without a rebound.
12:42 of 3rd period - Miles Wood wins face-off versus Jayce Hawryluk in Wolves zone.
12:42 of 3rd period - Miles Wood is hit by Radim Simek.
12:46 of 3rd period - Shot by Andy Andreoff.
12:46 of 3rd period - Stopped by Felix Sandström without a rebound.
12:47 of 3rd period - Vinni Lettieri wins face-off versus Jayce Hawryluk in Wolves zone.
12:50 of 3rd period - Shot by Joshua Ho-Sang.
12:50 of 3rd period - Stopped by Felix Sandström with a rebound.
13:02 of 3rd period - Shot by Jayce Hawryluk.
13:02 of 3rd period - Stopped by Jake Kielly without a rebound.
13:03 of 3rd period - Tanner Kero wins face-off versus Andy Andreoff in Checkers zone.
13:04 of 3rd period - Shot by Matt Tennyson.
13:04 of 3rd period - Deflect By Garrett Mitchell.
13:04 of 3rd period - Shot Misses the Net.
13:53 of 3rd period - Shot by Brett Sutter.
13:53 of 3rd period - Shot Misses the Net.
13:57 of 3rd period - Shot by Joshua Ho-Sang.
13:57 of 3rd period - Shot Misses the Net.
13:59 of 3rd period - Shot by Troy Stecher.
13:59 of 3rd period - Stopped by Felix Sandström without a rebound.
14:00 of 3rd period - Reese Johnson wins face-off versus Jack Rodewald in Wolves zone.
14:07 of 3rd period - Shot by Ludwig Persson.
14:07 of 3rd period - Shot Misses the Net.
14:09 of 3rd period - Shot by Ludwig Persson.
14:09 of 3rd period - Stopped by Felix Sandström with a rebound.
14:11 of 3rd period - Shot by Ethan Edwards.
14:11 of 3rd period - Shot Misses the Net.
14:13 of 3rd period - Shot by Reese Johnson.
14:13 of 3rd period - Shot Misses the Net.
14:15 of 3rd period - Shot by Jackson Blake.
14:15 of 3rd period - Shot Blocked by Mitchell Vande Sompel.
14:17 of 3rd period - Shot by Reese Johnson.
14:17 of 3rd period - Stopped by Felix Sandström with a rebound.
14:19 of 3rd period - Shot by Jackson Blake.
14:19 of 3rd period - Stopped by Felix Sandström without a rebound.
14:20 of 3rd period - Mark Jankowski wins face-off versus Vinni Lettieri in Wolves zone.
14:39 of 3rd period - Shot by Mark Jankowski.
14:39 of 3rd period - Stopped by Jake Kielly with a rebound.
14:41 of 3rd period - Shot by Tommy Cross.
14:41 of 3rd period - Stopped by Jake Kielly without a rebound.
14:42 of 3rd period - Andy Andreoff wins face-off versus Jayce Hawryluk in Checkers zone.
15:08 of 3rd period - Shot by Miles Wood.
15:08 of 3rd period - Stopped by Felix Sandström without a rebound.
15:09 of 3rd period - Tanner Kero wins face-off versus Vinni Lettieri in Wolves zone.
15:14 of 3rd period - Shot by Garrett Mitchell.
15:14 of 3rd period - Stopped by Jake Kielly without a rebound.
15:15 of 3rd period - Tanner Kero wins face-off versus Vinni Lettieri in Checkers zone.
15:19 of 3rd period - Tanner Kero is hit by Max Crozier.
15:47 of 3rd period - Shot by Joshua Ho-Sang.
15:47 of 3rd period - Shot Blocked by Ryan Stanton.
15:49 of 3rd period - Shot by Vinni Lettieri.
15:49 of 3rd period - Stopped by Felix Sandström with a rebound.
15:51 of 3rd period - Shot by Brett Sutter.
15:51 of 3rd period - Goal by Brett Sutter - Wolves : 4 - Checkers : 3.
15:52 of 3rd period - Jayce Hawryluk wins face-off versus Andy Andreoff in neutral zone.
15:56 of 3rd period - Minor Penalty to Jayce Hawryluk for Hooking.
15:57 of 3rd period - Andy Andreoff wins face-off versus Jamie Devane in Wolves zone.
16:26 of 3rd period - Shot by Andy Andreoff.
16:26 of 3rd period - Shot Misses the Net.
16:28 of 3rd period - Shot by Andy Andreoff.
16:28 of 3rd period - Stopped by Felix Sandström with a rebound.
17:33 of 3rd period - Matt Tennyson is hit by Brett Sutter and loses puck.
17:55 of 3rd period - Icing by Troy Stecher.
17:56 of 3rd period - Artur Gavrus wins face-off versus Reese Johnson in Checkers zone.
18:50 of 3rd period - Icing by Ethan Edwards.
18:51 of 3rd period - Reese Johnson wins face-off versus Mark Jankowski in Checkers zone.
19:06 of 3rd period - Shot by Scott Kosmachuk.
19:06 of 3rd period - Stopped by Jake Kielly without a rebound.
19:07 of 3rd period - Jayce Hawryluk wins face-off versus Vinni Lettieri in Checkers zone.
19:26 of 3rd period - Checkers, Jake Kielly is pulled from the net.
19:33 of 3rd period - Joshua Ho-Sang is hit by Radim Simek and loses puck.
19:44 of 3rd period - Shot by Mitchell Vande Sompel.
19:44 of 3rd period - Goal by Mitchell Vande Sompel - Wolves : 5 - Checkers : 3.
19:44 of 3rd period - Jake Kielly from Checkers was sent back in the game.
19:45 of 3rd period - Tanner Kero wins face-off versus Andy Andreoff in neutral zone.
Goals for this period are 2 for Wolves vs 2 for Checkers.
Shots for this period are 16 for Wolves vs 17 for Checkers.